 Dungeon Crawl Stone Soup version 0.30-a0-928-g7f6bbad527 (webtiles) character file.

Game seed: 18296751099302418300

19 Morbidden the Trooper (level 2, 24/24 HPs)
             Began as a Demonspawn Fighter on Mar 23, 2023.
             Quit the game on level 1 of the Dungeon.
             The game lasted 00:00:24 (212 turns).

Morbidden the Trooper (Demonspawn Fighter)           Turns: 212, Time: 00:00:24

Health: 24/24      AC:  6    Str: 16    XL:     2   Next: 55%
Magic:  2/2        EV:  8    Int:  9    God:
Gold:   37         SH:  4    Dex: 12    Spells: 1/1 levels left

rFire   . . .      SeeInvis .    a - +0 war axe
rCold   . . .      Faith    .    c - +0 buckler
rNeg    . . .      Spirit   .    b - +0 scale mail
rPois   .          Reflect  .    (no helmet)
rElec   .          Rampage  .    (no cloak)
rCorr   .                        (no gloves)
Will    .....                    (no boots) Stlth
                                 (no amulet)
HPRegen 0.24/turn                (no ring)
MPRegen 0.08/turn                (no ring)

@: no status effects
A: ignite blood 1
a: no special abilities


You were on level 1 of the Dungeon.
You visited 1 branch of the dungeon, and saw 1 of its levels.

You collected 37 gold pieces.

Inventory:

Hand Weapons
 a - a +0 war axe (weapon)
Armour
 b - a +0 scale mail (worn)
 c - a +0 buckler (worn)
Scrolls
 g - a scroll of fear {unknown}
Potions
 d - a potion of might
 e - a potion of resistance {unknown}
 f - a potion of mutation {unknown}


   Skills:
 + Level 3.2 Fighting
 + Level 1.9 Axes
 + Level 3.1 Armour
 + Level 2.9 Shields


You had one spell level left.
You didn't know any spells.
Your spell library contained the following spells:

 Spells                   Type           Power      Damage    Failure   Level
 Cigotuvi's Dreadful Rot  Necr/Pois/Air  0%         N/A       96%         2
 Dispel Undead            Necr           0%         3d6       100%        4
 Summon Forest            Summ/Tloc      0%         N/A       100%        5
 Summon Mana Viper        Hex/Summ       0%         N/A       100%        5
 Death Channel            Necr           0%         N/A       100%        6
 Summon Cactus Giant      Summ           0%         N/A       100%        6


Dungeon Overview and Level Annotations

Branches:
Dungeon (1/15)

Altars:


Innate Abilities, Weirdness & Mutations

Your demonic aura sometimes causes spilled blood to erupt in flames.


Message History

A hobgoblin is nearby!
A frilled lizard comes into view.
There are monsters nearby!
The hobgoblin hits you but does no damage.
There are monsters nearby!
You hit the hobgoblin.
You kill the hobgoblin!
You see here a hobgoblin corpse.
A frilled lizard is nearby!
You closely miss the frilled lizard.
The frilled lizard bites you but does no damage.
The frilled lizard bites you.
A frilled lizard is nearby!
You closely miss the frilled lizard. The frilled lizard barely misses you.
Unknown command.
A frilled lizard is nearby!
You miss the frilled lizard. The frilled lizard barely misses you.
The frilled lizard bites you.
Unknown command.
A frilled lizard is nearby!
You miss the frilled lizard. The frilled lizard barely misses you.
Unknown command.
A frilled lizard is nearby!
You barely miss the frilled lizard.
The frilled lizard bites you but does no damage.
The frilled lizard closely misses you.
Unknown command.
A frilled lizard is nearby!
You closely miss the frilled lizard.
The frilled lizard hisses.
The frilled lizard closely misses you.
Unknown command.
A frilled lizard is nearby!
You slash the frilled lizard!
You kill the frilled lizard!
No target in view!
Unknown command.
Key pressed, stopping explore.
Unknown command.
Are you sure you want to abandon this character and quit the game? (Confirm with "yes".)

.## #......# ..##
#......# †..# #......#
...###......#
(...........# #
..#.##......# ...
............# #...#
......#.##########.....#
................@.......
...##†.......†........##
...###............###.#
.........♣..#......#
...##...........##.#
...##....♣P....## .#
........♣♣♣P...# ..
....#(.P♣ P...... ##.
..P...P♣ ..#.###


There were no monsters in sight!

Vanquished Creatures
  A dart slug (D:1)
  4 ball pythons (D:1)
  2 endoplasms (D:1)
  2 hobgoblins (D:1)
  A kobold (D:1)
  A quokka (D:1)
  A bat (D:1)
  3 frilled lizards (D:1)
  A rat (D:1)
16 creatures vanquished.

Vanquished Creatures (others)
  A plant (D:1)
1 creature vanquished.

Grand Total: 17 creatures vanquished

Notes
Turn   | Place    | Note
-------+----------+-------------------------------------------
     0 | D:1      | Morbidden the Demonspawn Fighter began the quest for the
                  | Orb.
     0 | D:1      | Reached XP level 1. HP: 18/18 MP: 1/1
    79 | D:1      | Gained mutation: Your demonic aura sometimes causes spilled
                  | blood to erupt in flames. [demonic ancestry]
    79 | D:1      | Reached XP level 2. HP: 20/24 MP: 2/2
   212 | D:1      | Quit the game

Illustrated notes

Levels and vault maps discovered:
D:1:      eino_arrival_tree_alley, layout_rooms, serial_forest,
          infiniplex_forest_lined_ring, infiniplex_forest_clump_curved,
          infiniplex_forest_corner_1, infiniplex_forest_lined_room_2,
          infiniplex_forest_clump_small

Skill      XL: |  1  2 |
---------------+-------+-----
Armour         | 3 |  3.1
Fighting       | |  3.2
Axes           | |  1.9
Shields        | |  2.9

Action                     || total
---------------------------++-------
  Melee: War axe           ||    33
 Armour: Scale mail        ||    11
  Dodge: Dodged            ||    18
  Block: Buckler           ||     7

Table legend: (Time is in decaauts)
 A = Elapsed time spent in this place.
 B = Non-inter-level travel time spent in this place.
 C = Inter-level travel time spent in this place.
 D = Time resting spent in this place.
 E = Time spent auto-exploring this place.
 F = Levels seen in this place.
 G = Mean time per level.
                   A        B        C        D        E       F      G
               +--------+--------+--------+--------+--------+-----+--------+
         Total |    227 |    227 |      0 |      0 |    133 |   1 |  227.0 |
       Dungeon |    227 |    227 |      0 |      0 |    133 |   1 |  227.0 |
               +--------+--------+--------+--------+--------+-----+--------+

Top non-repeatable levels by time:
     D:1: 227 daAuts
